 Dungeon Crawl Stone Soup version 0.21.1-1-g345015f (webtiles) character file.

89306 aMcNicky the Impaler (level 15, -11/101 HPs)
             Began as a Tengu Monk on Mar 20, 2018.
             Was the Champion of the Shining One.
             Mangled by an ettin
             ... wielding a +0 dire flail
              (29 damage)
             ... on level 1 of the Depths.
             The game lasted 01:55:21 (25897 turns).

aMcNicky the Impaler (Tengu Monk)                  Turns: 25897, Time: 01:55:22

Health: -11/101    AC: 24    Str: 16    XL:     15   Next: 96%
Magic:  13/13      EV: 17    Int: 10    God:    the Shining One [******]
Gold:   1331       SH:  8    Dex: 19    Spells: 18/18 levels left

rFire    x . .     SeeInvis .   L - +8 trident of Resourcefulness {venom, *Noise rPois rC- rN+++}
rCold    . . .     Gourm    .   X - +2 buckler
rNeg     + + +     Faith    .   D - +4 chain mail of Paranoia {-Cast rPois rCorr MP-9}
rPois    +         Spirit   .   t - +0 hat
rElec    .         Reflect  .   g - +0 cloak
rCorr    +         Harm     .   h - +1 pair of gloves
MR       +....     NoCast   +   (boots unavailable)
Stlth    ..........             l - amulet of regeneration
HPRegen  0.66/turn              Q - ring of ice
MPRegen  0.13/turn              U - +4 ring of protection

@: flying quickly and evasively, glowing, quick
A: beak, talons 3, able to fly 2
a: Stop Flying, Divine Shield, Cleansing Flame, Summon Divine Warrior, Brand
Weapon With Holy Wrath, Renounce Religion


You were on level 1 of the Depths.
You worshipped the Shining One.
The Shining One was exalted by your worship.
You were not hungry.

You visited 5 branches of the dungeon, and saw 25 of its levels.
You also visited: Sewer and Ice Cave.

You collected 2419 gold pieces.
You spent 1088 gold pieces at shops.

Inventory:

Hand Weapons
 a - a +0 spear
 C - a +0 trident
 K - a +1 trident of freezing
 L - the +8 trident of Resourcefulness (weapon) {venom, *Noise rPois rC- rN+++}
   (You found it on level 12 of the Dungeon)

   It poisons the flesh of those it strikes.
   It makes you vulnerable to cold.
   It protects you from poison.
   It renders you almost immune to negative energy.
   It may make noises in combat.
Armour
 g - a +0 cloak (worn)
 h - a +1 pair of gloves (worn)
 t - a +0 hat (worn)
 D - the +4 chain mail of Paranoia (worn) {-Cast rPois rCorr MP-9}
   (You bought it in a shop on level 5 of the Dungeon)

   It protects you from poison.
   It affects your magic capacity (-9).
   It prevents spellcasting.
   It protects you from acid and corrosion.
 X - a +2 buckler (worn)
 Y - a +3 plate armour
Jewellery
 l - an amulet of regeneration (around neck)
 n - a +1 ring of protection
 p - an uncursed ring of protection from fire
 Q - a ring of ice (left hand)
 S - a +1 ring of protection
 U - a +4 ring of protection (right hand)
 V - an uncursed ring of stealth
Wands
 G - a wand of acid (39)
 H - a wand of paralysis (13)
 I - a wand of polymorph (40)
 M - a wand of iceblast (3)
 N - a wand of digging (20)
 P - a wand of flame (53)
Scrolls
 b - 4 scrolls of amnesia
 d - 14 scrolls of remove curse {@r2}
 e - 3 scrolls of immolation
 f - 7 scrolls of enchant weapon
 i - 7 scrolls of teleportation
 r - 7 scrolls of fog
 s - 2 scrolls of fear
 u - 5 scrolls of identify {@r1}
 y - 6 scrolls of enchant armour
 B - 6 scrolls of magic mapping
 O - a scroll of holy word
 W - a scroll of blinking {unknown}
Potions
 j - 5 potions of flight
 k - 7 potions of curing {@q1}
 m - a potion of cancellation
 o - 2 potions of lignification
 q - a potion of invisibility
 v - 2 potions of brilliance {unknown}
 x - 2 potions of ambrosia
 z - 3 potions of agility
 A - 4 potions of mutation
 T - 2 potions of haste
Books
 w - a book of Misfortune

   Spells                             Type                      Level
   a - Confusing Touch                Hexes                        1
   b - Confuse                        Hexes                        3
   c - Gell's Gravitas                Translocation                3
   d - Petrify                        Transmutation/Earth          4
   e - Metabolic Englaciation         Hexes/Ice                    5
   f - Yara's Violent Unravelling     Hexes/Transmutation          5
 F - a book of Minor Magic

   Spells                             Type                      Level
   a - Magic Dart                     Conjuration                  1
   b - Blink                          Translocation                2
   c - Call Imp                       Summoning                    2
   d - Slow                           Hexes                        2
   e - Conjure Flame                  Conjuration/Fire             3
   f - Mephitic Cloud                 Conjuration/Poison/Air       3
 J - a book of Callings

   Spells                             Type                      Level
   a - Summon Small Mammal            Summoning                    1
   b - Call Imp                       Summoning                    2
   c - Call Canine Familiar           Summoning                    3
   d - Summon Guardian Golem          Hexes/Summoning              3
   e - Summon Lightning Spire         Summoning/Air                4
   f - Summon Ice Beast               Ice/Summoning                4
 R - a Young Poisoner's Handbook

   Spells                             Type                      Level
   a - Sting                          Conjuration/Poison           1
   b - Poisonous Vapours              Poison/Air                   2
   c - Mephitic Cloud                 Conjuration/Poison/Air       3
   d - Olgreb's Toxic Radiance        Poison                       4
   e - Venom Bolt                     Conjuration/Poison           5
Comestibles
 c - 41 rations
 E - 12 chunks of flesh


   Skills:
 * Level 14.7 Fighting
 + Level 16.1 Polearms
 + Level 11.6 Armour
 + Level 12.1 Dodging
 - Level 2.0 Stealth
 - Level 4.0 Shields
 - Level 2.4 Spellcasting
 + Level 8.6 Invocations


You had 18 spell levels left.
You didn't know any spells.

Dungeon Overview and Level Annotations

Branches:
Dungeon (15/15)            Temple (0/1) D:7            Lair (6/6) D:9
 Shoals (0/4) Lair:4        Snake (1/4) Lair:2        Slime (0/5) Lair:5
    Orc (2/2) D:12            Elf (0/3) Orc:2        Vaults (0/5) D:13
 Depths (1/5) D:15

Altars:
Dithmenos
Elyvilon
Gozag
Hepliaklqana
Kikubaaqudgha
Makhleb
Nemelex Xobeh
Ru
Uskayaw
Vehumet
Wu Jian
Xom
Zin
The Shining One
Beogh
Jiyva

Shops:
D:4 (   D:5 [   D:6 =   D:7 !   D:8 [*}!:   D:10 [   Orc:1 :   Orc:2 [*?=

Annotations:
D:4 exclusion: statue


Innate Abilities, Weirdness & Mutations

You have a beak for a mouth.
You have claws for feet.
You can fly continuously.


Message History

You hit the ettin.
The ettin looks as sick as possible!
You claw the ettin.
The ettin is heavily wounded.
You block the ettin's attack. The ettin hits you with a dire flail!!
You are too injured to fight recklessly!
You are too injured to fight recklessly!
You are too injured to fight recklessly!
You hit the ettin. You claw the ettin, but do no damage.
The ettin is heavily wounded.
You hear a grinding noise.
You hit the ettin but do no damage.
The ettin looks as sick as possible!
Your kick misses the ettin. You peck the ettin, but do no damage.
The ettin is heavily wounded.
The ettin barely misses you. The ettin misses you.
You hit the ettin but do no damage.
The ettin looks as sick as possible!
You claw the ettin, but do no damage.
The ettin is heavily wounded.
The ettin hits you with a dire flail!!
* * * LOW HITPOINT WARNING * * *
The ettin hits you with a dire flail!!
You die...

### #.## #..#
####.## ##
##.<..#### # #.#
#.@...##.#
...##..##C......###
............)##...#
.......(...(#######
####.........##...#
##........#..##
##...........##
#............##
#.#.......#...#


You could see an ettin.

Vanquished Creatures
  A stone giant (Depths:1)
  Nessos (D:12)
  2 ettins
  2 rakshasas (D:15)
  A vault guard (D:13)
  Fannar (Lair:1)
  5 hydras
  Erica (D:9)
  6 centaur warriors
  A catoblepas (Lair:2)
  6 two-headed ogres
  3 death yaks
  The ghost of Mirai the Protected, a novice DsFi of Okawaru (D:10)
  Urug (D:12)
  A naga sharpshooter (Snake:1)
  Nergalle (Orc:1)
  A golden dragon zombie (D:15)
  A skeletal warrior (D:15)
  2 unseen horrors
  A phantasmal warrior (D:14)
  18 ugly things
  2 necromancers
  3 orc knights
  The ghost of buskinjo the Summoner, a novice TeSu of Sif Muna (D:8)
  3 cyclopes
  A mana viper (Snake:1)
  8 orc sorcerers
  3 deep elf magi
  4 manticores
  A fire giant zombie (D:15)
  Maurice (D:8)
  3 ice statues (IceCv)
  2 naga magi (Snake:1)
  4 centaur zombies
  Joseph (D:8)
  4 black mambas (Snake:1)
  13 spiny frogs
  2 gargoyles (D:13)
  4 centaur skeletons
  A kobold demonologist (D:15)
  2 rime drakes
  9 komodo dragons
  7 ice devils (IceCv)
  A yaktaur zombie (D:15)
  10 trolls
  A guardian mummy (D:15)
  A polar bear (Lair:1)
  2 hornets (D:13)
  A meliai zombie (D:15)
  12 blink frogs
  An ettin zombie (D:15)
  8 hippogriffs
  A shadow (D:13)
  42 yaks
  A wraith (D:15)
  3 wyverns
  3 basilisks
  A hungry ghost (D:13)
  Menkaure (D:5)
  8 wargs
  An acid dragon (D:11)
  8 nagas
  7 water moccasins
  5 porcupines
  20 orc warriors
  A black bear (D:10)
  A hornet zombie (D:6)
  A necrophage (D:12)
  3 phantoms
  10 ice beasts
  10 ogres
  A sky beast (D:13)
  22 centaurs
  10 wolves
  9 crocodiles
  A wyvern zombie (D:13)
  4 big kobolds
  A gnoll sergeant (D:10)
  20 bullfrogs
  A wyvern skeleton (D:10)
  2 scorpions
  11 wights
  6 howler monkeys (D:7)
  An electric eel (Lair:2)
  5 crimson imps
  5 bullfrog zombies
  3 draconian simulacra (IceCv)
  5 hounds
  5 jellies
  14 orc priests
  A bullfrog skeleton (D:10)
  4 iguanas
  44 orc wizards
  A gnoll shaman (D:7)
  Jessica (D:2)
  8 hell rats
  3 spriggan simulacra (IceCv)
  12 worker ants
  2 troll simulacra (IceCv)
  2 hound skeletons
  14 gnolls
  An ogre simulacrum (IceCv)
  10 adders
  A naga simulacrum (IceCv)
  10 river rats (Lair:2)
  6 shadow imps
  2 oozes
  2 adder skeletons
  6 worms
  A dart slug (D:1)
  8 leopard geckos
  107 orcs
  14 bats
  7 giant cockroaches
  8 hobgoblins
  24 jackals
  6 quokkas
  6 ball pythons
  5 frilled lizards
  9 goblins
  27 kobolds
  A leopard gecko skeleton (D:8)
  11 rats
  A fungus (Lair:2)
791 creatures vanquished.

Vanquished Creatures (others)
  A fungus (Lair:4)
  9 plants
10 creatures vanquished.

Grand Total: 801 creatures vanquished

Notes
Turn   | Place    | Note
-------+----------+-------------------------------------------
     0 | D:1      | aMcNicky the Tengu Monk began the quest for the Orb.
     0 | D:1      | Reached XP level 1. HP: 14/14 MP: 2/2
   251 | D:1      | Reached XP level 2. HP: 19/19 MP: 3/3
   748 | D:1      | Reached XP level 3. HP: 22/23 MP: 4/4
   760 | D:1      | Reached skill level 1 in Armour
   897 | D:2      | Reached skill level 4 in Polearms
   979 | D:2      | Reached skill level 1 in Spellcasting
   984 | D:2      | Found an ornate altar of the Wu Jian Council.
  1001 | D:2      | Reached XP level 4. HP: 28/28 MP: 6/6
  1383 | D:2      | Noticed Jessica
  1389 | D:2      | Killed Jessica
  1389 | D:2      | Gained mutation: You can fly. [Tengu growth]
  1389 | D:2      | Reached XP level 5. HP: 32/32 MP: 7/7
  1512 | D:2      | Found a glowing golden altar of the Shining One.
  1520 | D:2      | Became a worshipper of the Shining One
  1520 | D:2      | Reached * piety under the Shining One
  1520 | D:2      | Reached ** piety under the Shining One
  1675 | D:2      | Found a hazy altar of Hepliaklqana.
  2047 | D:3      | Reached skill level 5 in Polearms
  2047 | D:3      | Reached XP level 6. HP: 19/38 MP: 9/9
  2093 | D:3      | Found a sparkling altar of Nemelex Xobeh.
  2232 | D:3      | Found a glowing drain.
  2244 | Sewer    | Entered a sewer
  2613 | D:3      | Found a shadowy altar of Dithmenos.
  2628 | D:3      | Found a hide-covered altar of Uskayaw.
  2866 | D:4      | Found Movin's Antique Weapon Boutique.
  3269 | D:4      | Reached XP level 7. HP: 26/43 MP: 11/11
  3432 | D:4      | Found a radiant altar of Vehumet.
  3581 | D:4      | Found a white marble altar of Elyvilon.
  3642 | D:4      | Reached skill level 6 in Polearms
  3843 | D:5      | Entered Level 5 of the Dungeon
  4256 | D:5      | Reached *** piety under the Shining One
  4256 | D:5      | Reached skill level 5 in Fighting
  4259 | D:5      | Found Kudutz's Antique Armour Emporium.
  4276 | D:5      | Reached skill level 5 in Dodging
  4276 | D:5      | Reached XP level 8. HP: 46/49 MP: 12/12
  4282 | D:5      | Bought a blackened chain mail for 209 gold pieces
  4292 | D:5      | Identified the +4 chain mail of Paranoia {-Cast rPois rCorr MP-9} (You bought it in a shop on level 5 of the Dungeon)
  4582 | D:5      | Noticed Menkaure
  4598 | D:5      | Killed Menkaure
  4713 | D:5      | Found an ancient bone altar of Kikubaaqudgha.
  4903 | D:6      | Reached skill level 7 in Polearms
  5146 | D:6      | Reached XP level 9. HP: 42/56 MP: 4/13
  5270 | D:6      | Reached skill level 8 in Polearms
  5389 | D:6      | Found Hecid's Jewellery Shop.
  5537 | D:6      | Found a shimmering altar of Xom.
  5724 | D:7      | Reached skill level 5 in Armour
  5792 | D:7      | Found a staircase to the Ecumenical Temple.
  6361 | D:7      | Found Ruplow's Distillery.
  6507 | D:7      | Found a shimmering altar of Xom.
  6507 | D:7      | Found a burning altar of Makhleb.
  6627 | D:7      | Found a glowing silver altar of Zin.
  6627 | D:7      | Found an opulent altar of Gozag.
  6627 | D:7      | Reached **** piety under the Shining One
  6725 | D:8      | Noticed Joseph
  6738 | D:8      | Reached skill level 9 in Polearms
  6754 | D:8      | Killed Joseph
  6754 | D:8      | Reached XP level 10. HP: 42/64 MP: 2/14
  6778 | D:8      | Found Muosat's Assorted Antiques.
  6792 | D:8      | Bought a runed trident for 175 gold pieces
  6851 | D:8      | Found Xeuloh's Antique Armour Shoppe.
  7000 | D:8      | Reached skill level 1 in Invocations
  7005 | D:8      | Noticed buskinjo's ghost (novice TeSu)
  7026 | D:8      | Killed buskinjo's ghost
  7078 | D:8      | Found Palyt's Book Boutique.
  7132 | D:8      | Found Wabot's Gadget Emporium.
  7178 | D:8      | Reached skill level 10 in Polearms
  7212 | D:8      | Found Nisuxt's Distillery.
  7264 | D:8      | Noticed Maurice
  7299 | D:8      | Killed Maurice
  7370 | D:8      | Noticed a two-headed ogre
  7380 | D:8      | Killed a two-headed ogre
  7712 | D:9      | Found a sacrificial altar of Ru.
  7961 | D:9      | Noticed Erica
  7982 | D:9      | Killed Erica
  7982 | D:9      | Reached XP level 11. HP: 71/71 MP: 6/15
  8289 | D:9      | Noticed a two-headed ogre
  8421 | D:9      | Killed a two-headed ogre
  8421 | D:9      | Reached skill level 11 in Polearms
  8488 | D:9      | Found a staircase to the Lair.
  8670 | D:10     | Entered Level 10 of the Dungeon
  8695 | D:10     | Noticed Mirai's ghost (novice DsFi)
  8749 | D:10     | Killed Mirai's ghost
  8806 | D:10     | Found Vouqo's Antique Armour Shoppe.
  8950 | D:10     | Noticed a two-headed ogre
  8968 | D:10     | Killed a two-headed ogre
  8968 | D:10     | Reached skill level 10 in Fighting
  9419 | Lair:1   | Entered Level 1 of the Lair of Beasts
  9886 | Lair:1   | Reached XP level 12. HP: 62/79 MP: 7/16
  9933 | Lair:1   | Reached skill level 12 in Polearms
 10362 | Lair:2   | Found an ornate altar of the Wu Jian Council.
 10362 | Lair:2   | Noticed Fannar
 10362 | Lair:2   | Noticed a seven-headed hydra
 10373 | Lair:1   | Killed a seven-headed hydra
 10499 | Lair:1   | Killed Fannar
 10566 | Lair:2   | Reached ***** piety under the Shining One
 10735 | Lair:2   | Noticed a catoblepas
 10773 | Lair:2   | Killed a catoblepas
 11163 | Lair:2   | Found a staircase to the Snake Pit.
 11758 | Snake:1  | Entered Level 1 of the Snake Pit
 11761 | Snake:1  | Noticed a naga sharpshooter
 12048 | D:11     | Reached skill level 5 in Invocations
 13008 | Lair:3   | Reached skill level 13 in Polearms
 13263 | Lair:3   | Noticed a six-headed hydra
 13297 | Lair:3   | Reached XP level 13. HP: 85/85 MP: 9/18
 13508 | Lair:3   | Reached skill level 10 in Dodging
 14939 | Lair:4   | Found a staircase to the Shoals.
 15328 | Lair:5   | Reached skill level 14 in Polearms
 15466 | Lair:5   | Found a viscous altar of Jiyva.
 15466 | Lair:5   | Found a staircase to the Slime Pits.
 15604 | Lair:5   | Found a radiant altar of Vehumet.
 15628 | Lair:5   | Reached skill level 10 in Armour
 16059 | Lair:6   | Entered Level 6 of the Lair of Beasts
 16413 | D:12     | Found a staircase to the Orcish Mines.
 16415 | D:12     | Noticed Urug
 16471 | D:12     | Killed Urug
 16650 | D:12     | Got a bloodstained trident
 16651 | D:12     | Identified the +8 trident of Resourcefulness {venom, *Noise rPois rC- rN+++} (You found it on level 12 of the Dungeon)
 16684 | D:12     | Gained mutation: You can fly continuously. [Tengu growth]
 16684 | D:12     | Reached XP level 14. HP: 89/92 MP: 11/20
 16843 | D:12     | Reached ****** piety under the Shining One
 16899 | D:12     | Noticed Nessos
 16941 | D:12     | Killed Nessos
 17302 | Orc:1    | Entered Level 1 of the Orcish Mines
 17456 | Orc:2    | Entered Level 2 of the Orcish Mines
 17580 | Orc:1    | Found a frozen archway.
 17589 | IceCv    | Entered an ice cave
 19003 | Orc:1    | Found Oginacox's Book Shoppe.
 19013 | Orc:1    | Noticed Nergalle
 19032 | Orc:1    | Killed Nergalle
 19314 | Orc:2    | Found a staircase to the Elven Halls.
 19627 | Orc:2    | Found a roughly hewn altar of Beogh.
 19651 | Orc:2    | Reached skill level 15 in Polearms
 19877 | Orc:2    | Found Miaroj's General Store.
 19877 | Orc:2    | Found Jegyoss's Armour Shop.
 20205 | Orc:2    | Found Qynt's Jewellery Shoppe.
 20205 | Orc:2    | Found Zech's Magic Scroll Shop.
 21266 | Orc:2    | Bought an uncursed ring of protection from fire for 300 gold pieces
 21464 | D:13     | Reached XP level 15. HP: 92/100 MP: 12/21
 21525 | D:13     | Found a gate to the Vaults.
 23044 | D:8      | Bought a runed buckler for 202 gold pieces
 23274 | D:15     | Entered Level 15 of the Dungeon
 23494 | D:15     | Reached skill level 1 in Shields
 24097 | D:15     | Found a staircase to the Depths.
 24329 | D:15     | Reached skill level 16 in Polearms
 24369 | D:15     | The Shining One protects you from harm!
 25049 | D:15     | Found an opulent altar of Gozag.
 25679 | D:8      | Bought a pair of glowing gloves for 202 gold pieces
 25700 | D:9      | You are sucked into a shaft for 3 floors!
 25797 | Depths:1 | Entered Level 1 of the Depths
 25897 | Depths:1 | Mangled by an ettin

Skill      XL: |  1  2  3  4  5  6  7  8  9 10 11 12 13 14 15 |
---------------+----------------------------------------------+-----
Armour         | 1 2 3 4 5 7 8 9 10 11 | 11.6
Polearms       | 4 5 6 7 9 10 11 13 14 15 16 | 16.1
Spellcasting   | 1 2 |  2.4
Dodging        | 4 5 6 7 8 9 10 11 12 | 12.1
Fighting       | 4 5 6 8 9 10 11 12 13 14 | 14.7
Invocations    | 2 4 5 6 7 8 |  8.6
Shields        | 4 |  4.0
Stealth        | |  2.0

Action                   |  1- 3 |  4- 6 |  7- 9 | 10-12 | 13-15 || total
-------------------------+-------+-------+-------+-------+-------++-------
Melee: Spear             |   108 |   301 |   130 |       |       ||   539
       Peck              |    14 |    36 |    74 |   170 |   370 ||   664
       Kick              |    18 |    57 |   107 |   249 |   581 ||  1012
       Trident           |       |       |   302 |   836 |  1770 ||  2908
Invok: Divine Shield     |       |       |     3 |     5 |     4 ||    12
       Cleansing Flame   |       |       |       |       |     3 ||     3
 Abil: Fly               |       |       |       |       |     1 ||     1
  Use: Scroll            |     1 |       |    13 |     3 |    15 ||    32
       Potion            |       |       |       |     7 |     8 ||    15
  Eat: Chunk             |       |     8 |    12 |    13 |    17 ||    50
       Ration            |       |       |       |     3 |     7 ||    10
Armor: Robe              |     6 |       |       |       |       ||     6
       Scale mail        |    22 |    84 |    19 |       |       ||   125
       Chain mail        |       |       |   110 |   244 |   379 ||   733
Dodge: Dodged            |    45 |   127 |   125 |   278 |   641 ||  1216
Block: Other             |       |       |     8 |    19 |    10 ||    37
       Buckler           |       |       |       |       |    90 ||    90
